 Dungeon Crawl Stone Soup version 0.17.0-26-gececa24 (webtiles) character file.

2382 Shensi the Chopper (level 9, 74/74 HPs)
             Began as a Centaur Fighter on Nov 20, 2015.
             Was an Initiate of the Shining One.
             Starved to death
             ... on level 7 of the Dungeon.
             The game lasted 00:43:56 (9137 turns).

Shensi the Chopper (Centaur Fighter)                Turns: 9137, Time: 00:43:56

Health: 74/74      AC: 13    Str: 21      XL:     9   Next: 22%
Magic:  9/9        EV:  7    Int:  7      God:    the Shining One [......]
Gold:   333        SH:  9    Dex:  9 (10) Spells: 0 memorised, 8 levels left

rFire  + . .     SeeInvis .     s - +0 hand axe
rCold  x . .     Clarity  .     b - +3 scale mail
rNeg   . . .     SustAt   .     c - +0 shield
rPois  .         Gourm    .     g - +0 helmet
rElec  .         Spirit   .     f - +1 cloak
rCorr  .         Warding  .     (no gloves)
rMut   .         Stasis   .     (no barding)
MR     .....                    (no amulet)
Stlth  ..........               (no ring)
                                r - ring of fire

@: fainting, very quick, not resistant to hostile enchantments, extremely
unstealthy
A: hooves 3, deformed body, speed 2, tough skin 3
a: Renounce Religion


You were on level 7 of the Dungeon.
You worshipped the Shining One.
The Shining One was noncommittal.
You were fainting.

You visited 2 branches of the dungeon, and saw 8 of its levels.
You also visited: Sewer.

You collected 333 gold pieces.

Inventory:

Hand Weapons
 s - a +0 hand axe (weapon)
Armour
 b - a +3 scale mail (worn)
 c - a +0 shield (worn)
 f - a +1 cloak (worn)
 g - a +0 helmet (worn)
Jewellery
 r - a ring of fire (left hand)
Scrolls
 d - a scroll of amnesia {unknown}
 h - 5 scrolls of remove curse
 i - a scroll of fog
 j - 2 scrolls of identify
 m - a scroll of recharging
 o - a scroll of blinking
 v - a scroll of magic mapping
Potions
 a - 4 potions of magic
 k - 2 potions of brilliance
 n - 2 potions of agility


   Skills:
 + Level 5.2 Fighting
 + Level 5.3 Axes
 + Level 5.0 Armour
 + Level 4.2 Dodging
 + Level 0.4 Stealth
 + Level 4.8 Shields


You had 8 spell levels left.
You didn't know any spells.

Dungeon Overview and Level Annotations

Branches:
Dungeon (7/15)             Temple (1/1) D:4

Altars:
Cheibriados
Dithmenos
Elyvilon
Fedhas
Gozag
Kikubaaqudgha
Makhleb
Nemelex Xobeh
Qazlal
Ru
Sif Muna
Vehumet
Xom
The Shining One

Shops:
D:7 }

Annotations:
D:6 Menkaure


Innate Abilities, Weirdness & Mutations

You have hooves in place of feet.
Armour fits poorly on your strangely shaped body.
You cover ground very quickly.
You have extremely tough skin (AC +3).


Message History

You can move again.
Things that are here:
10 arrows; an uncursed shortbow You aren't carrying any food.
There isn't anything to butcher here.
You see here an arrow.
There isn't anything to butcher here.
You see here 2 arrows.
There isn't anything to butcher here.
Found 15 poisoned needles.
You see here 15 poisoned needles.
You open the door.
There is an open door here.
You open the door.
Found 9 gold pieces, a war axe and a robe.
There is an open door here.
You now have 333 gold pieces (gained 9).
You aren't carrying any food.
You have starved to death.
You die...

.......####
##........# ###
...#......# ..#
#.........# # #.#
##.#......#.# #.#
#.#.##.###.# #.#
##.#........# ##.#
#..........##.##.#
#............. #@#
#..........# #.#
#..........#####.#
#................#
#..........#######
#..........#
#..........#
#..........#
#..........#


There were no monsters in sight!

Vanquished Creatures
  Sigmund (D:5)
  A hungry ghost (D:7)
  A water moccasin (D:5)
  2 orc warriors
  A sky beast (D:5)
  An ice beast (D:6)
  A centaur (D:7)
  The ghost of P0WERM0DE the Insei, an amateur OpCK of Xom (D:4)
  2 giant frogs (D:7)
  Blork the orc (D:6)
  3 big kobolds
  A wyvern skeleton (D:6)
  5 scorpions
  A quasit (D:7)
  A crimson imp (D:5)
  A centaur zombie (D:5)
  3 worker ants
  A centaur skeleton (D:6)
  3 orc priests
  2 orc wizards (D:5)
  3 iguanas
  A mummy (D:7)
  A worker ant zombie (D:5)
  A hound skeleton (D:4)
  Robin (D:3)
  12 adders
  2 gnolls (D:1)
  A river rat (Sewer)
  2 adder skeletons
  6 oozes
  8 worms
  2 giant geckos
  18 orcs
  8 giant cockroaches
  11 goblins
  14 hobgoblins
  5 jackals
  5 ball pythons
  2 bats (D:1)
  A giant gecko skeleton (D:6)
  7 giant newts
  3 jackal skeletons
  15 kobolds
  14 rats
176 creatures vanquished.

Vanquished Creatures (others)
  2 rats (D:6)
  A plant (D:6)
3 creatures vanquished.

Grand Total: 179 creatures vanquished

Notes
Turn   | Place    | Note
--------------------------------------------------------------
     0 | D:1      | Shensi the Centaur Fighter began the quest for the Orb.
     0 | D:1      | Reached XP level 1. HP: 19/19 MP: 1/1
    39 | D:1      | Reached XP level 2. HP: 8/26 MP: 2/2
   777 | D:1      | Reached XP level 3. HP: 27/31 MP: 3/3
   973 | D:2      | Found an ancient bone altar of Kikubaaqudgha.
  1452 | D:2      | Reached XP level 4. HP: 36/38 MP: 4/4
  2317 | D:3      | Found a burning altar of Makhleb.
  2326 | D:3      | Noticed Robin
  2335 | D:3      | Killed Robin
  2511 | D:3      | Reached XP level 5. HP: 45/45 MP: 5/5
  2709 | D:4      | Reached skill level 1 in Dodging
  2776 | D:4      | Noticed P0WERM0DE's ghost (amateur OpCK)
  2811 | D:4      | Killed P0WERM0DE's ghost
  2858 | D:4      | Found a staircase to the Ecumenical Temple.
  2905 | D:4      | Reached XP level 6. HP: 19/51 MP: 6/6
  3098 | Temple   | Entered the Ecumenical Temple
  3243 | D:4      | Found a glowing drain.
  3272 | Sewer    | Entered a sewer
  3951 | D:5      | Entered Level 5 of the Dungeon
  3979 | D:5      | Reached XP level 7. HP: 37/58 MP: 7/7
  4170 | D:5      | Noticed Sigmund
  4176 | D:5      | Killed Sigmund
  4176 | D:5      | Reached skill level 4 in Fighting
  4330 | D:5      | Found a shadowy altar of Dithmenos.
  4581 | D:5      | Reached XP level 8. HP: 40/67 MP: 8/8
  4842 | D:5      | Noticed a water moccasin
  4862 | D:5      | Killed a water moccasin
  5437 | D:5      | Found an opulent altar of Gozag.
  6231 | D:6      | Noticed Blork the orc
  6241 | D:6      | Killed Blork the orc
  6310 | D:6      | Reached skill level 5 in Axes
  6855 | D:7      | Found a glowing golden altar of the Shining One.
  7138 | D:7      | Became a worshipper of the Shining One
  7296 | D:6      | Noticed Menkaure
  8395 | D:7      | Reached skill level 5 in Fighting
  8395 | D:7      | Reached XP level 9. HP: 39/74 MP: 9/9
  8784 | D:7      | Found a snail-covered altar of Cheibriados.
  8937 | D:7      | Found Uphul's Gadget Shoppe.
  9034 | D:7      | Reached skill level 5 in Armour
  9137 | D:7      | Starved to death

Action                   |  1- 3 |  4- 6 |  7- 9 || total
-------------------------+-------+-------+-------++-------
Melee: War axe           |    87 |       |       ||    87
       Hand axe          |    45 |   295 |   461 ||   801
  Use: Scroll            |     3 |     7 |     9 ||    19
       Potion            |     2 |     1 |    11 ||    14
  Eat: Bread ration      |     1 |     1 |     5 ||     7
       Meat ration       |       |       |     3 ||     3
       Royal jelly       |       |       |     1 ||     1
